Bruins vs Kings
Created - November 12, 2023 at 21:23
Goals
|
| Bruins |
1 |
1 |
2 |
4 |
| Kings |
0 |
0 |
2 |
2 |
|
Shots
|
| Bruins |
12 |
10 |
6 |
28 |
| Kings |
5 |
7 |
17 |
29 |
|
1st period
1. Bruins , Zack Kassian 7 (Gabriel Landeskog 10, Jonathan Toews 12) at 7:53 (PP)
Penalties :
Chris Kreider (L.A) for Tripping (Minor) at 7:45, Charlie McAvoy (L.A) for Delaying the game (Minor) at 9:22, Wojtek Wolski (Bos) for Interference (Minor) at 14:10, Ryan Getzlaf (L.A) for Slashing (Minor) at 16:40
2nd period
2. Bruins , Casey Cizikas 1 (Craig Smith 1) at 4:04
Penalties :
Madison Bowey (Bos) for Charging (Double Minor) at 9:10, Marc Staal (L.A) for Hooking (Minor) at 15:46
3rd period
3. Kings , Chris Kreider 8 (Aaron Ekblad 5) at 2:26
4. Bruins , Adam Pelech 1 (Wojtek Wolski 2, Brendan Smith 2) at 11:17
5. Kings , Jared Cowen 2 (Brayden Schenn 3, Adam Fox 6) at 13:44
6. Bruins , Casey Cizikas 2 (Jonathan Toews 13, Zack Kassian 11) at 19:49 (Empty Net)
Penalties :
Gabriel Landeskog (Bos) for Tripping (Minor) at 4:48, Wojtek Wolski (Bos) for Holding (Minor) at 14:17
Goalie Stats
Kevin Poulin (Bos), 27 saves from 29 shots - (0.931), W, 8-4-1, 60:00 minutes
Alexandar Georgiev (L.A), 24 saves from 27 shots - (0.889), L, 2-7-1, 59:16 minutes
Players Stats for Bruins
Player Name G A P +/- PIM S H SB GA TA FO MP PP MP PK MP
------------------------------------------------------------------------------------
Adam Pelech 1 0 1 0 0 1 0 1 1 0 0/0 11:06 0:00 1:53
Andreas Athanasiou 0 0 0 1 0 0 0 0 1 0 0/0 9:14 0:00 0:18
Brendan Smith 0 1 1 0 0 0 1 1 0 1 0/0 22:35 2:37 4:04
Casey Cizikas 2 0 2 1 0 4 0 0 1 0 4/5 15:55 0:00 4:20
Craig Smith 0 1 1 0 0 2 3 0 0 0 0/0 11:09 0:05 0:18
Eric Wellwood 0 0 0 1 0 0 0 0 0 0 1/1 8:31 0:05 1:16
Gabriel Landeskog 0 1 1 -1 2 4 0 2 0 1 6/10 22:48 3:23 3:55
Jason Demers 0 0 0 0 0 0 2 0 0 1 0/0 30:53 3:28 5:34
Jonathan Toews 0 2 2 1 0 3 0 0 0 0 13/27 19:37 3:18 3:10
Josh Manson 0 0 0 0 0 0 0 1 0 2 0/0 4:40 0:00 0:00
Kevin Hayes 0 0 0 0 0 4 0 0 1 0 7/13 14:46 2:42 0:02
Madison Bowey 0 0 0 0 4 0 0 1 0 1 0/0 18:34 2:37 2:11
Mark Stone 0 0 0 0 0 1 3 0 0 0 0/0 14:53 2:42 0:00
Radek Faksa 0 0 0 0 0 2 0 0 0 0 1/3 7:59 0:00 0:00
Taylor Beck 0 0 0 0 0 0 0 0 0 0 1/1 8:58 0:00 0:48
Torey Krug 0 0 0 1 0 1 3 0 0 1 0/0 30:43 3:28 5:34
Wojtek Wolski 0 1 1 0 4 2 2 0 0 1 1/1 15:48 2:42 1:06
Zack Kassian 1 1 2 1 0 4 0 3 0 0 0/1 21:51 3:18 5:15
Players Stats for Kings
Player Name G A P +/- PIM S H SB GA TA FO MP PP MP PK MP
------------------------------------------------------------------------------------
Aaron Ekblad 0 1 1 -2 0 1 1 0 1 0 0/0 24:36 5:50 3:02
Adam Fox 0 1 1 0 0 1 0 0 0 0 0/0 22:14 5:50 0:00
Auston Matthews 0 0 0 0 0 4 3 0 0 0 10/23 19:07 5:23 0:00
Brayden Schenn 0 1 1 1 0 3 4 1 1 0 13/24 17:58 3:31 0:59
Charlie McAvoy 0 0 0 0 2 0 2 1 0 1 0/0 13:58 0:00 0:47
Chris Kreider 1 0 1 1 2 3 0 0 1 0 0/0 19:52 3:17 3:18
Jared Cowen 1 0 1 1 0 1 0 1 0 0 0/0 19:45 1:22 3:03
Joe Pavelski 0 0 0 -2 0 3 3 0 0 0 2/6 14:09 1:08 3:26
Marc Staal 0 0 0 0 2 0 3 1 1 0 0/0 15:18 0:39 2:16
Matthew Tkachuk 0 0 0 0 0 1 3 0 0 0 0/1 10:58 3:28 0:00
Mitch Marner 0 0 0 1 0 5 0 0 0 0 1/2 18:20 5:23 0:00
Nikita Kucherov 0 0 0 0 0 3 2 0 2 0 0/0 19:11 5:24 0:00
Pavel Buchnevich 0 0 0 -2 0 1 1 0 1 2 0/0 13:44 3:31 0:51
Philip Samuelsson 0 0 0 -1 0 0 1 1 0 0 0/0 20:53 3:27 3:02
Pierre-Edouard Bellemare 0 0 0 -1 0 1 0 0 1 1 1/2 10:15 0:00 1:48
Ryan Getzlaf 0 0 0 -1 2 0 0 0 0 0 1/2 9:19 0:31 0:00
Sean Bergenheim 0 0 0 0 0 2 1 0 0 0 0/1 14:52 0:56 0:00
Zac Rinaldo 0 0 0 0 0 0 3 1 0 0 0/1 9:22 0:00 1:48
3 Stars
1 - Casey Cizikas (Bos)
2 - Zack Kassian (Bos)
3 - Jonathan Toews (Bos)
Power Play
Bruins - 1 on 4 Attempt(s) - 25.00%
Kings - 0 on 5 Attempt(s) - 0.00%
Penalty Kill
Bruins - 5 on 5 Attempt(s) - 100.00%
- Score 0 goal in Penalty Kill
Kings - 3 on 4 Attempt(s) - 75.00%
- Score 0 goal in Penalty Kill
Team Stat
Bruins - Hits : 14 - Faceoff Wins : 34 - Blocked Shots : 9 - Penalty Minutes : 10
Kings - Hits : 27 - Faceoff Wins : 28 - Blocked Shots : 6 - Penalty Minutes : 8
Official
Referees : Gord Dwyer and Peter MacDougall
Linesman : Ryan Galloway and Ryan Gibbons
Game Notes
Josh Manson is injured at 7:50 of 2nd period (Right Leg)
Eric Wellwood is injured at 13:14 of 2nd period (Torso)
Casey Cizikas has scored in a empty net!
Finance
Level 1 -- Attendance: 5527 (92.12%) -- Ticket Income $552,700
Level 2 -- Attendance: 4481 (89.62%) -- Ticket Income $268,860
Level 3 -- Attendance: 2000 (100.00%) -- Ticket Income $70,000
Level 4 -- Attendance: 4000 (100.00%) -- Ticket Income $100,000
Luxury Box -- Attendance: 1000 (100.00%) -- Ticket Income $200,000
Game was played at the Staples Center.
Total Attendance: 17008 (94.49%)
Total Ticket Income: $1,191,560
Other Income: $178,734
Total Income: $1,370,294
Bruins
5 vs 5 Forward
Center Left Wing Right Wing Time % Phy DF OF
1 Jonathan Toews Gabriel Landeskog Zack Kassian 40 1 2 2
2 Kevin Hayes Wojtek Wolski Mark Stone 30 1 2 2
3 Casey Cizikas Eric Wellwood Craig Smith 20 1 2 2
4 Radek Faksa Taylor Beck Andreas Athanasiou 10 1 2 2
5 vs 5 Defense
Defense Defense Time % Phy DF OF
1 Jason Demers Torey Krug 40 1 2 2
2 Brendan Smith Madison Bowey 30 1 2 2
3 Josh Manson Adam Pelech 20 1 2 2
4 Jason Demers Torey Krug 10 1 2 2
PowerPlay Forward
Center Left Wing Right Wing Time % Phy DF OF
1 Jonathan Toews Gabriel Landeskog Zack Kassian 60 1 2 2
2 Kevin Hayes Wojtek Wolski Mark Stone 40 1 2 2
PowerPlay Defense
Defense Defense Time % Phy DF OF
1 Jason Demers Torey Krug 60 1 2 2
2 Brendan Smith Madison Bowey 40 1 2 2
Penalty Kill 4 Players Forward
Center Wing Time % Phy DF OF
1 Gabriel Landeskog Zack Kassian 60 1 2 2
2 Wojtek Wolski Jonathan Toews 40 1 2 2
Penalty Kill 4 Players Defense
Defense Defense Time % Phy DF OF
1 Jason Demers Torey Krug 60 1 2 2
2 Brendan Smith Madison Bowey 40 1 2 2
Penalty Kill - 3 Players Forward
Forward Time % Phy DF OF
1 Gabriel Landeskog 60 1 2 2
2 Zack Kassian 40 1 2 2
Penalty Kill - 3 Players Defense
Defense Defense Time % Phy DF OF
1 Jason Demers Torey Krug 60 1 2 2
2 Brendan Smith Madison Bowey 40 1 2 2
4 vs 4 Forward
Center Wing Time % Phy DF OF
1 Gabriel Landeskog Zack Kassian 60 1 2 2
2 Wojtek Wolski Jonathan Toews 40 1 2 2
4 vs 4 Defense
Defense Defense Time % Phy DF OF
1 Jason Demers Torey Krug 60 1 2 2
2 Brendan Smith Madison Bowey 40 1 2 2
Last Minutes Offensive
Center Left Wing Right Wing Defense Defense
Jonathan Toews Gabriel Landeskog Zack Kassian Jason Demers Torey Krug
Last Minutes Defensive
Center Left Wing Right Wing Defense Defense
Jonathan Toews Gabriel Landeskog Zack Kassian Jason Demers Torey Krug
Goaltenders
Starting : Kevin Poulin
Backup : Tuukka Rask
Extra Forwards
Normal : Eric Wellwood, Craig Smith, Casey Cizikas - PP : Eric Wellwood, Craig Smith - PK : Casey Cizikas
Extra Defensemen
Normal : Josh Manson, Adam Pelech, Brendan Smith - PP : Josh Manson - PK : Adam Pelech, Brendan Smith
Penalty Shots
Gabriel Landeskog, Zack Kassian, Wojtek Wolski, Jonathan Toews, Kevin Hayes
Custom OT Lines Forwards
Gabriel Landeskog, Zack Kassian, Wojtek Wolski, Jonathan Toews, Kevin Hayes, Mark Stone, Eric Wellwood, Craig Smith, Casey Cizikas, Radek Faksa
Custom OT Lines Defensemen
Jason Demers, Torey Krug, Brendan Smith, Madison Bowey, Josh Manson
Scratches
None
Kings
5 vs 5 Forward
Center Left Wing Right Wing Time % Phy DF OF
1 Brayden Schenn Chris Kreider Mitch Marner 30 1 1 3
2 Auston Matthews Sean Bergenheim Nikita Kucherov 30 1 2 2
3 Pierre-Edouard Bellemare Pavel Buchnevich Joe Pavelski 20 1 2 2
4 Ryan Getzlaf Zac Rinaldo Matthew Tkachuk 20 2 2 1
5 vs 5 Defense
Defense Defense Time % Phy DF OF
1 Philip Samuelsson Aaron Ekblad 35 1 3 1
2 Jared Cowen Adam Fox 35 1 3 1
3 Marc Staal Charlie McAvoy 30 1 3 1
4 Charlie McAvoy Jared Cowen 0 1 2 2
PowerPlay Forward
Center Left Wing Right Wing Time % Phy DF OF
1 Auston Matthews Nikita Kucherov Mitch Marner 60 1 0 4
2 Brayden Schenn Pavel Buchnevich Matthew Tkachuk 40 1 0 4
PowerPlay Defense
Defense Defense Time % Phy DF OF
1 Aaron Ekblad Adam Fox 70 0 2 3
2 Chris Kreider Philip Samuelsson 30 0 3 2
Penalty Kill 4 Players Forward
Center Wing Time % Phy DF OF
1 Joe Pavelski Chris Kreider 60 1 2 2
2 Pierre-Edouard Bellemare Zac Rinaldo 40 1 2 2
Penalty Kill 4 Players Defense
Defense Defense Time % Phy DF OF
1 Marc Staal Jared Cowen 60 1 2 2
2 Philip Samuelsson Aaron Ekblad 40 1 2 2
Penalty Kill - 3 Players Forward
Forward Time % Phy DF OF
1 Pierre-Edouard Bellemare 60 1 2 2
2 Joe Pavelski 40 1 2 2
Penalty Kill - 3 Players Defense
Defense Defense Time % Phy DF OF
1 Marc Staal Jared Cowen 60 1 2 2
2 Philip Samuelsson Aaron Ekblad 40 1 2 2
4 vs 4 Forward
Center Wing Time % Phy DF OF
1 Brayden Schenn Nikita Kucherov 60 1 2 2
2 Auston Matthews Chris Kreider 40 1 2 2
4 vs 4 Defense
Defense Defense Time % Phy DF OF
1 Aaron Ekblad Philip Samuelsson 60 1 2 2
2 Jared Cowen Adam Fox 40 1 2 2
Last Minutes Offensive
Center Left Wing Right Wing Defense Defense
Brayden Schenn Chris Kreider Nikita Kucherov Aaron Ekblad Adam Fox
Last Minutes Defensive
Center Left Wing Right Wing Defense Defense
Brayden Schenn Chris Kreider Matthew Tkachuk Marc Staal Jared Cowen
Goaltenders
Starting : Alexandar Georgiev
Backup : Carter Hutton
Extra Forwards
Normal : Pierre-Edouard Bellemare, Brayden Schenn, Auston Matthews - PP : Joe Pavelski, Sean Bergenheim - PK : Brayden Schenn
Extra Defensemen
Normal : Aaron Ekblad, Jared Cowen, Marc Staal - PP : Jared Cowen - PK : Charlie McAvoy, Adam Fox
Penalty Shots
Nikita Kucherov, Auston Matthews, Chris Kreider, Brayden Schenn, Pavel Buchnevich
Custom OT Lines Forwards
Chris Kreider, Nikita Kucherov, Brayden Schenn, Auston Matthews, Joe Pavelski, Sean Bergenheim, Pierre-Edouard Bellemare, Mitch Marner, Pavel Buchnevich, Matthew Tkachuk
Custom OT Lines Defensemen
Aaron Ekblad, Jared Cowen, Philip Samuelsson, Marc Staal, Adam Fox
Scratches
Darroll Powe (Healthy), Jared Spurgeon (Healthy)
% Time on Ice - Bruins
Lines # - Real PCT - Wanted PCT - Time Play
Normal Forward
1 - 29% - 40% - 12:38
2 - 28% - 30% - 12:02
3 - 24% - 20% - 10:20
4 - 19% - 10% - 7:59
Normal Defense
1 - 41% - 40% - 17:42
2 - 31% - 30% - 13:19
3 - 22% - 20% - 9:33
4 - 6% - 10% - 2:25
PP Forward
1 - 56% - 60% - 3:23
2 - 44% - 40% - 2:42
PP Defense
1 - 57% - 60% - 3:28
2 - 43% - 40% - 2:37
PK Forward
1 - 76% - 60% - 7:30
2 - 24% - 40% - 2:26
PK Defense
1 - 53% - 60% - 5:17
2 - 47% - 40% - 4:39
PK3 Forward
1 - 0% - 60%
2 - 0% - 40%
PK3 Defense
1 - 0% - 60%
2 - 0% - 40%
44 Forward
1 - 0% - 60%
2 - 0% - 40%
44 Defense
1 - 0% - 60%
2 - 0% - 40%
Last Minute Offensive - 0:00
Last Minute Defensive - 1:00
Total
Forward - 60:00
Defense - 60:00
|
% Time on Ice - Kings
Lines # - Real PCT - Wanted PCT - Time Play
Normal Forward
1 - 30% - 30% - 12:40
2 - 36% - 30% - 15:36
3 - 17% - 20% - 7:30
4 - 17% - 20% - 7:10
Normal Defense
1 - 33% - 35% - 14:17
2 - 36% - 35% - 15:34
3 - 30% - 30% - 12:51
4 - 1% - 0% - 0:14
PP Forward
1 - 65% - 60% - 6:25
2 - 35% - 40% - 3:31
PP Defense
1 - 65% - 70% - 6:29
2 - 35% - 30% - 3:27
PK Forward
1 - 70% - 60% - 4:17
2 - 30% - 40% - 1:48
PK Defense
1 - 50% - 60% - 3:03
2 - 50% - 40% - 3:02
PK3 Forward
1 - 0% - 60%
2 - 0% - 40%
PK3 Defense
1 - 0% - 60%
2 - 0% - 40%
44 Forward
1 - 0% - 60%
2 - 0% - 40%
44 Defense
1 - 0% - 60%
2 - 0% - 40%
Last Minute Offensive - 1:03
Last Minute Defensive - 0:00
Total
Forward - 60:00
Defense - 60:00
|
Play-by-Play
1st period
0:01 of 1st period - Gabriel Landeskog wins face-off versus Brayden Schenn in neutral zone.
0:04 of 1st period - Snap shot by Zack Kassian.
0:04 of 1st period - Stopped by Alexandar Georgiev without a rebound.
0:05 of 1st period - Brayden Schenn wins face-off versus Jonathan Toews in Kings zone.
1:02 of 1st period - Snap shot by Joe Pavelski.
1:02 of 1st period - Stopped by Kevin Poulin with a rebound.
1:52 of 1st period - Slapshot by Casey Cizikas.
1:52 of 1st period - Stopped by Alexandar Georgiev without a rebound.
1:53 of 1st period - Auston Matthews wins face-off versus Jonathan Toews in Kings zone.
3:57 of 1st period - Snap shot by Pavel Buchnevich.
3:57 of 1st period - Shot Misses the Net.
4:11 of 1st period - Josh Manson is hit by Philip Samuelsson and loses puck.
4:51 of 1st period - Jonathan Toews is hit by Marc Staal and loses puck.
6:02 of 1st period - Wrist shot by Kevin Hayes.
6:02 of 1st period - Shot Blocked by Charlie McAvoy.
6:04 of 1st period - Snap shot by Mark Stone.
6:04 of 1st period - Shot Misses the Net.
6:06 of 1st period - Snap shot by Kevin Hayes.
6:06 of 1st period - Shot Hit the Post.
6:20 of 1st period - Torey Krug is hit by Brayden Schenn and loses puck.
6:39 of 1st period - Slapshot by Jason Demers.
6:39 of 1st period - Shot Misses the Net.
6:41 of 1st period - Snap shot by Torey Krug.
6:41 of 1st period - Stopped by Alexandar Georgiev with a rebound.
6:43 of 1st period - Snap shot by Craig Smith.
6:43 of 1st period - Stopped by Alexandar Georgiev without a rebound.
6:44 of 1st period - Casey Cizikas wins face-off versus Auston Matthews in Kings zone.
6:49 of 1st period - Wrist shot by Eric Wellwood.
6:49 of 1st period - Shot Misses the Net.
7:19 of 1st period - Wrist shot by Ryan Getzlaf.
7:19 of 1st period - Shot Misses the Net.
7:21 of 1st period - Snap shot by Zac Rinaldo.
7:21 of 1st period - Deflect By Ryan Getzlaf.
7:21 of 1st period - Shot Blocked by Madison Bowey.
7:21 of 1st period - Puck is out of play.
7:22 of 1st period - Jonathan Toews wins face-off versus Mitch Marner in Bruins zone.
7:29 of 1st period - Wrist shot by Gabriel Landeskog.
7:29 of 1st period - Deflect By Brayden Schenn.
7:29 of 1st period - Stopped by Alexandar Georgiev without a rebound.
7:30 of 1st period - Jonathan Toews wins face-off versus Brayden Schenn in Kings zone.
7:43 of 1st period - Slapshot by Gabriel Landeskog.
7:43 of 1st period - Stopped by Alexandar Georgiev with a rebound.
7:45 of 1st period - Minor Penalty to Chris Kreider for Tripping.
7:46 of 1st period - Jonathan Toews wins face-off versus Joe Pavelski in Kings zone.
7:51 of 1st period - Snap shot by Zack Kassian.
7:51 of 1st period - Shot Blocked by Brayden Schenn.
7:53 of 1st period - Wrist shot by Zack Kassian.
7:53 of 1st period - Goal by Zack Kassian - Bruins : 1 - Kings : 0.
7:54 of 1st period - Kevin Hayes wins face-off versus Auston Matthews in neutral zone.
8:07 of 1st period - Slapshot by Mark Stone.
8:07 of 1st period - Shot Misses the Net.
8:09 of 1st period - Snap shot by Jason Demers.
8:09 of 1st period - Deflect By Mark Stone.
8:09 of 1st period - Stopped by Alexandar Georgiev with a rebound.
8:21 of 1st period - Gabriel Landeskog is hit by Brayden Schenn and loses puck.
8:48 of 1st period - Radek Faksa is hit by Zac Rinaldo and loses puck.
9:17 of 1st period - Snap shot by Radek Faksa.
9:17 of 1st period - Stopped by Alexandar Georgiev with a rebound.
9:19 of 1st period - Slapshot by Radek Faksa.
9:19 of 1st period - Stopped by Alexandar Georgiev without a rebound.
9:20 of 1st period - Auston Matthews wins face-off versus Jonathan Toews in Kings zone.
9:22 of 1st period - Minor Penalty to Charlie McAvoy for Delaying the game.
9:23 of 1st period - Joe Pavelski wins face-off versus Jonathan Toews in Kings zone.
9:57 of 1st period - Wrist shot by Wojtek Wolski.
9:57 of 1st period - Stopped by Alexandar Georgiev with a rebound.
10:58 of 1st period - Zack Kassian is hit by Marc Staal and loses puck.
11:22 of 1st period - Penalty to Charlie McAvoy is over, Charlie McAvoy is back on ice.
11:29 of 1st period - Marc Staal is hit by Craig Smith and loses puck.
11:36 of 1st period - Josh Manson is hit by Auston Matthews and loses puck.
12:10 of 1st period - Aaron Ekblad is hit by Craig Smith and loses puck.
12:25 of 1st period - Adam Pelech is hit by Sean Bergenheim and loses puck.
12:30 of 1st period - Snap shot by Nikita Kucherov.
12:30 of 1st period - Deflect By Auston Matthews.
12:30 of 1st period - Stopped by Kevin Poulin without a rebound.
12:31 of 1st period - Kevin Hayes wins face-off versus Pierre-Edouard Bellemare in Bruins zone.
13:01 of 1st period - Slapshot by Jared Cowen.
13:01 of 1st period - Deflect By Auston Matthews.
13:01 of 1st period - Stopped by Kevin Poulin without a rebound.
13:02 of 1st period - Eric Wellwood wins face-off versus Auston Matthews in Bruins zone.
13:12 of 1st period - Brendan Smith is hit by Nikita Kucherov and loses puck.
13:31 of 1st period - Wrist shot by Casey Cizikas.
13:31 of 1st period - Deflect By Craig Smith.
13:31 of 1st period - Shot Blocked by Philip Samuelsson.
13:31 of 1st period - Puck is out of play.
13:32 of 1st period - Jonathan Toews wins face-off versus Brayden Schenn in Kings zone.
13:49 of 1st period - Snap shot by Jonathan Toews.
13:49 of 1st period - Stopped by Alexandar Georgiev with a rebound.
14:10 of 1st period - Minor Penalty to Wojtek Wolski for Interference.
14:11 of 1st period - Gabriel Landeskog wins face-off versus Auston Matthews in Bruins zone.
14:23 of 1st period - Slapshot by Aaron Ekblad.
14:23 of 1st period - Deflect By Nikita Kucherov.
14:23 of 1st period - Shot Misses the Net.
14:23 of 1st period - Puck is out of play.
14:24 of 1st period - Auston Matthews wins face-off versus Gabriel Landeskog in Bruins zone.
14:31 of 1st period - Wrist shot by Nikita Kucherov.
14:31 of 1st period - Shot Misses the Net.
14:33 of 1st period - Snap shot by Mitch Marner.
14:33 of 1st period - Stopped by Kevin Poulin with a rebound.
14:35 of 1st period - Slapshot by Adam Fox.
14:35 of 1st period - Shot Blocked by Gabriel Landeskog.
14:37 of 1st period - Wrist shot by Nikita Kucherov.
14:37 of 1st period - Shot Misses the Net.
14:39 of 1st period - Slapshot by Aaron Ekblad.
14:39 of 1st period - Stopped by Kevin Poulin without a rebound.
14:40 of 1st period - Auston Matthews wins face-off versus Gabriel Landeskog in Bruins zone.
16:05 of 1st period - Aaron Ekblad is hit by Jason Demers and loses puck.
16:10 of 1st period - Penalty to Wojtek Wolski is over, Wojtek Wolski is back on ice.
16:18 of 1st period - Aaron Ekblad is hit by Torey Krug and loses puck.
16:40 of 1st period - Minor Penalty to Ryan Getzlaf for Slashing.
16:41 of 1st period - Jonathan Toews wins face-off versus Joe Pavelski in Kings zone.
18:40 of 1st period - Penalty to Ryan Getzlaf is over, Ryan Getzlaf is back on ice.
18:49 of 1st period - Taylor Beck is hit by Nikita Kucherov.
18:54 of 1st period - Off-side.
18:55 of 1st period - Auston Matthews wins face-off versus Radek Faksa in neutral zone.
19:22 of 1st period - Wrist shot by Andreas Athanasiou.
19:22 of 1st period - Shot Blocked by Zac Rinaldo.
19:42 of 1st period - Philip Samuelsson is hit by Wojtek Wolski and loses puck.
Goals for this period are 1 for Bruins vs 0 for Kings.
Shots for this period are 12 for Bruins vs 5 for Kings.
2nd period
0:01 of 2nd period - Gabriel Landeskog wins face-off versus Brayden Schenn in neutral zone.
0:06 of 2nd period - Slapshot by Torey Krug.
0:06 of 2nd period - Deflect By Zack Kassian.
0:06 of 2nd period - Shot Misses the Net.
0:06 of 2nd period - Puck is out of play.
0:07 of 2nd period - Brayden Schenn wins face-off versus Jonathan Toews in Kings zone.
0:38 of 2nd period - Snap shot by Zack Kassian.
0:38 of 2nd period - Stopped by Alexandar Georgiev without a rebound.
0:39 of 2nd period - Auston Matthews wins face-off versus Kevin Hayes in Kings zone.
1:40 of 2nd period - Slapshot by Auston Matthews.
1:40 of 2nd period - Stopped by Kevin Poulin without a rebound.
1:41 of 2nd period - Jonathan Toews wins face-off versus Brayden Schenn in Bruins zone.
2:08 of 2nd period - Madison Bowey is hit by Joe Pavelski and loses puck.
2:17 of 2nd period - Snap shot by Pavel Buchnevich.
2:17 of 2nd period - Shot Misses the Net.
2:43 of 2nd period - Ryan Getzlaf is hit by Craig Smith and loses puck.
2:59 of 2nd period - Off-side.
3:00 of 2nd period - Jonathan Toews wins face-off versus Brayden Schenn in neutral zone.
3:09 of 2nd period - Wrist shot by Zack Kassian.
3:09 of 2nd period - Stopped by Alexandar Georgiev without a rebound.
3:10 of 2nd period - Jonathan Toews wins face-off versus Brayden Schenn in Kings zone.
4:04 of 2nd period - Snap shot by Casey Cizikas.
4:04 of 2nd period - Goal by Casey Cizikas - Bruins : 2 - Kings : 0.
4:05 of 2nd period - Brayden Schenn wins face-off versus Jonathan Toews in neutral zone.
4:07 of 2nd period - Off-side.
4:08 of 2nd period - Brayden Schenn wins face-off versus Jonathan Toews in neutral zone.
4:51 of 2nd period - Philip Samuelsson is hit by Wojtek Wolski and loses puck.
5:02 of 2nd period - Snap shot by Pavel Buchnevich.
5:02 of 2nd period - Shot Misses the Net.
5:04 of 2nd period - Snap shot by Pierre-Edouard Bellemare.
5:04 of 2nd period - Stopped by Kevin Poulin without a rebound.
5:05 of 2nd period - Pierre-Edouard Bellemare wins face-off versus Casey Cizikas in Bruins zone.
5:06 of 2nd period - Wrist shot by Pavel Buchnevich.
5:06 of 2nd period - Stopped by Kevin Poulin with a rebound.
5:26 of 2nd period - Wrist shot by Casey Cizikas.
5:26 of 2nd period - Shot Misses the Net.
5:32 of 2nd period - Jason Demers is hit by Joe Pavelski and loses puck.
5:55 of 2nd period - Snap shot by Casey Cizikas.
5:55 of 2nd period - Shot Misses the Net.
5:57 of 2nd period - Slapshot by Jason Demers.
5:57 of 2nd period - Shot Misses the Net.
5:59 of 2nd period - Slapshot by Torey Krug.
5:59 of 2nd period - Shot Misses the Net.
6:35 of 2nd period - Icing by Torey Krug.
6:36 of 2nd period - Casey Cizikas wins face-off versus Brayden Schenn in Bruins zone.
6:36 of 2nd period - Casey Cizikas is hit by Brayden Schenn.
6:42 of 2nd period - Backhand shot by Jason Demers.
6:42 of 2nd period - Shot Blocked by Jared Cowen.
6:54 of 2nd period - Wrist shot by Casey Cizikas.
6:54 of 2nd period - Stopped by Alexandar Georgiev without a rebound.
6:55 of 2nd period - Jonathan Toews wins face-off versus Auston Matthews in Kings zone.
7:46 of 2nd period - Wrist shot by Sean Bergenheim.
7:46 of 2nd period - Shot Misses the Net.
7:48 of 2nd period - Slapshot by Sean Bergenheim.
7:48 of 2nd period - Shot Blocked by Adam Pelech.
7:50 of 2nd period - Slapshot by Philip Samuelsson.
7:50 of 2nd period - Shot Blocked by Josh Manson.
7:50 of 2nd period - Josh Manson from Bruins is injured at 7:50 of 2nd period (Right Leg).
7:51 of 2nd period - Brayden Schenn wins face-off versus Jonathan Toews in Bruins zone.
8:02 of 2nd period - Snap shot by Jonathan Toews.
8:02 of 2nd period - Stopped by Alexandar Georgiev with a rebound.
8:04 of 2nd period - Wrist shot by Jonathan Toews.
8:04 of 2nd period - Shot Misses the Net.
8:06 of 2nd period - Snap shot by Jonathan Toews.
8:06 of 2nd period - Stopped by Alexandar Georgiev without a rebound.
8:07 of 2nd period - Kevin Hayes wins face-off versus Matthew Tkachuk in Kings zone.
8:08 of 2nd period - Slapshot by Wojtek Wolski.
8:08 of 2nd period - Shot Hit the Post.
8:14 of 2nd period - Kevin Hayes is hit by Matthew Tkachuk and loses puck.
8:39 of 2nd period - Snap shot by Gabriel Landeskog.
8:39 of 2nd period - Stopped by Alexandar Georgiev with a rebound.
8:57 of 2nd period - Wrist shot by Sean Bergenheim.
8:57 of 2nd period - Shot Misses the Net.
8:59 of 2nd period - Slapshot by Charlie McAvoy.
8:59 of 2nd period - Deflect By Nikita Kucherov.
8:59 of 2nd period - Stopped by Kevin Poulin with a rebound.
9:01 of 2nd period - Wrist shot by Nikita Kucherov.
9:01 of 2nd period - Deflect By Sean Bergenheim.
9:01 of 2nd period - Stopped by Kevin Poulin with a rebound.
9:03 of 2nd period - Slapshot by Auston Matthews.
9:03 of 2nd period - Stopped by Kevin Poulin without a rebound.
9:04 of 2nd period - Brayden Schenn wins face-off versus Jonathan Toews in Bruins zone.
9:10 of 2nd period - Double Minor Penalty to Madison Bowey for Charging.
9:11 of 2nd period - Gabriel Landeskog wins face-off versus Auston Matthews in Bruins zone.
9:23 of 2nd period - Snap shot by Mitch Marner.
9:23 of 2nd period - Shot Blocked by Zack Kassian.
10:21 of 2nd period - Philip Samuelsson is hit by Brendan Smith and loses puck.
12:32 of 2nd period - Brendan Smith is hit by Marc Staal and loses puck.
13:10 of 2nd period - Penalty to Madison Bowey is over, Madison Bowey is back on ice.
13:13 of 2nd period - Eric Wellwood is hit by Auston Matthews and loses puck.
13:14 of 2nd period - Eric Wellwood from Bruins is injured at 13:14 of 2nd period (Torso).
13:15 of 2nd period - Brayden Schenn wins face-off versus Jonathan Toews in Bruins zone.
14:19 of 2nd period - Wrist shot by Joe Pavelski.
14:19 of 2nd period - Shot Blocked by Brendan Smith.
14:21 of 2nd period - Snap shot by Joe Pavelski.
14:21 of 2nd period - Stopped by Kevin Poulin with a rebound.
15:18 of 2nd period - Slapshot by Torey Krug.
15:18 of 2nd period - Shot Blocked by Marc Staal.
15:46 of 2nd period - Minor Penalty to Marc Staal for Hooking.
15:47 of 2nd period - Kevin Hayes wins face-off versus Joe Pavelski in Kings zone.
15:50 of 2nd period - Snap shot by Kevin Hayes.
15:50 of 2nd period - Stopped by Alexandar Georgiev without a rebound.
15:51 of 2nd period - Joe Pavelski wins face-off versus Kevin Hayes in Kings zone.
16:02 of 2nd period - Snap shot by Kevin Hayes.
16:02 of 2nd period - Stopped by Alexandar Georgiev without a rebound.
16:03 of 2nd period - Jonathan Toews wins face-off versus Joe Pavelski in Kings zone.
16:46 of 2nd period - Off-side.
16:47 of 2nd period - Gabriel Landeskog wins face-off versus Zac Rinaldo in neutral zone.
17:19 of 2nd period - Wrist shot by Kevin Hayes.
17:19 of 2nd period - Stopped by Alexandar Georgiev with a rebound.
17:41 of 2nd period - Jared Cowen is hit by Torey Krug and loses puck.
17:46 of 2nd period - Penalty to Marc Staal is over, Marc Staal is back on ice.
18:23 of 2nd period - Snap shot by Zac Rinaldo.
18:23 of 2nd period - Shot Misses the Net.
18:33 of 2nd period - Kevin Hayes is hit by Charlie McAvoy and loses puck.
19:21 of 2nd period - Slapshot by Sean Bergenheim.
19:21 of 2nd period - Shot Misses the Net.
19:41 of 2nd period - Brendan Smith is hit by Matthew Tkachuk and loses puck.
19:58 of 2nd period - Backhand shot by Joe Pavelski.
19:58 of 2nd period - Deflect By Brendan Smith.
19:58 of 2nd period - Shot Misses the Net.
19:58 of 2nd period - Puck is out of play.
19:59 of 2nd period - Taylor Beck wins face-off versus Brayden Schenn in Bruins zone.
Goals for this period are 1 for Bruins vs 0 for Kings.
Shots for this period are 10 for Bruins vs 7 for Kings.
3rd period
0:01 of 3rd period - Jonathan Toews wins face-off versus Brayden Schenn in neutral zone.
0:57 of 3rd period - Wrist shot by Matthew Tkachuk.
0:57 of 3rd period - Shot Misses the Net.
2:18 of 3rd period - Off-side.
2:19 of 3rd period - Wojtek Wolski wins face-off versus Brayden Schenn in neutral zone.
2:26 of 3rd period - Wrist shot by Chris Kreider.
2:26 of 3rd period - Goal by Chris Kreider - Bruins : 2 - Kings : 1.
2:27 of 3rd period - Brayden Schenn wins face-off versus Gabriel Landeskog in neutral zone.
2:39 of 3rd period - Torey Krug is hit by Aaron Ekblad and loses puck.
3:19 of 3rd period - Wrist shot by Craig Smith.
3:19 of 3rd period - Stopped by Alexandar Georgiev with a rebound.
4:01 of 3rd period - Wrist shot by Mitch Marner.
4:01 of 3rd period - Stopped by Kevin Poulin without a rebound.
4:02 of 3rd period - Kevin Hayes wins face-off versus Sean Bergenheim in Bruins zone.
4:28 of 3rd period - Jason Demers is hit by Brayden Schenn and loses puck.
4:36 of 3rd period - Slapshot by Charlie McAvoy.
4:36 of 3rd period - Shot Blocked by Zack Kassian.
4:48 of 3rd period - Minor Penalty to Gabriel Landeskog for Tripping.
4:49 of 3rd period - Casey Cizikas wins face-off versus Auston Matthews in Bruins zone.
5:06 of 3rd period - Wrist shot by Nikita Kucherov.
5:06 of 3rd period - Shot Misses the Net.
5:56 of 3rd period - Icing by Matthew Tkachuk.
5:57 of 3rd period - Brayden Schenn wins face-off versus Jonathan Toews in Kings zone.
6:17 of 3rd period - Icing by Aaron Ekblad.
6:18 of 3rd period - Casey Cizikas wins face-off versus Auston Matthews in Kings zone.
6:46 of 3rd period - Snap shot by Adam Fox.
6:46 of 3rd period - Stopped by Kevin Poulin without a rebound.
6:47 of 3rd period - Brayden Schenn wins face-off versus Zack Kassian in Bruins zone.
6:48 of 3rd period - Penalty to Gabriel Landeskog is over, Gabriel Landeskog is back on ice.
6:48 of 3rd period - Snap shot by Pavel Buchnevich.
6:48 of 3rd period - Shot Misses the Net.
7:00 of 3rd period - Snap shot by Brayden Schenn.
7:00 of 3rd period - Stopped by Kevin Poulin with a rebound.
7:02 of 3rd period - Slapshot by Pavel Buchnevich.
7:02 of 3rd period - Deflect By Matthew Tkachuk.
7:02 of 3rd period - Stopped by Kevin Poulin without a rebound.
7:03 of 3rd period - Kevin Hayes wins face-off versus Auston Matthews in Bruins zone.
7:27 of 3rd period - Icing by Torey Krug.
7:28 of 3rd period - Brayden Schenn wins face-off versus Radek Faksa in Bruins zone.
7:29 of 3rd period - Slapshot by Mitch Marner.
7:29 of 3rd period - Stopped by Kevin Poulin with a rebound.
7:52 of 3rd period - Icing by Andreas Athanasiou.
7:53 of 3rd period - Radek Faksa wins face-off versus Auston Matthews in Bruins zone.
8:25 of 3rd period - Snap shot by Chris Kreider.
8:25 of 3rd period - Deflect By Mitch Marner.
8:25 of 3rd period - Stopped by Kevin Poulin with a rebound.
8:27 of 3rd period - Slapshot by Philip Samuelsson.
8:27 of 3rd period - Deflect By Mitch Marner.
8:27 of 3rd period - Stopped by Kevin Poulin without a rebound.
8:28 of 3rd period - Ryan Getzlaf wins face-off versus Jonathan Toews in Bruins zone.
8:29 of 3rd period - Backhand shot by Zac Rinaldo.
8:29 of 3rd period - Deflect By Matthew Tkachuk.
8:29 of 3rd period - Shot Blocked by Gabriel Landeskog.
8:29 of 3rd period - Puck is out of play.
8:30 of 3rd period - Jonathan Toews wins face-off versus Ryan Getzlaf in Bruins zone.
8:30 of 3rd period - Jonathan Toews is hit by Zac Rinaldo.
8:58 of 3rd period - Jared Cowen is hit by Mark Stone and loses puck.
9:56 of 3rd period - Jonathan Toews is hit by Matthew Tkachuk and loses puck.
10:12 of 3rd period - Icing by Aaron Ekblad.
10:13 of 3rd period - Auston Matthews wins face-off versus Kevin Hayes in Kings zone.
10:20 of 3rd period - Marc Staal is hit by Mark Stone and loses puck.
10:43 of 3rd period - Wrist shot by Gabriel Landeskog.
10:43 of 3rd period - Stopped by Alexandar Georgiev without a rebound.
10:44 of 3rd period - Brayden Schenn wins face-off versus Kevin Hayes in Kings zone.
11:03 of 3rd period - Snap shot by Chris Kreider.
11:03 of 3rd period - Stopped by Kevin Poulin with a rebound.
11:05 of 3rd period - Wrist shot by Brayden Schenn.
11:05 of 3rd period - Stopped by Kevin Poulin with a rebound.
11:07 of 3rd period - Snap shot by Adam Fox.
11:07 of 3rd period - Shot Misses the Net.
11:15 of 3rd period - Backhand shot by Wojtek Wolski.
11:15 of 3rd period - Stopped by Alexandar Georgiev with a rebound.
11:17 of 3rd period - Backhand shot by Adam Pelech.
11:17 of 3rd period - Goal by Adam Pelech - Bruins : 3 - Kings : 1.
11:18 of 3rd period - Auston Matthews wins face-off versus Jonathan Toews in neutral zone.
11:49 of 3rd period - Snap shot by Chris Kreider.
11:49 of 3rd period - Stopped by Kevin Poulin without a rebound.
11:50 of 3rd period - Mitch Marner wins face-off versus Kevin Hayes in Bruins zone.
13:00 of 3rd period - Madison Bowey is hit by Joe Pavelski.
13:04 of 3rd period - Andreas Athanasiou is hit by Charlie McAvoy and loses puck.
13:09 of 3rd period - Snap shot by Joe Pavelski.
13:09 of 3rd period - Stopped by Kevin Poulin without a rebound.
13:10 of 3rd period - Kevin Hayes wins face-off versus Auston Matthews in Bruins zone.
13:10 of 3rd period - Kevin Hayes is hit by Auston Matthews.
13:22 of 3rd period - Snap shot by Kevin Hayes.
13:22 of 3rd period - Stopped by Alexandar Georgiev with a rebound.
13:38 of 3rd period - Wrist shot by Brayden Schenn.
13:38 of 3rd period - Shot Misses the Net.
13:40 of 3rd period - Slapshot by Adam Fox.
13:40 of 3rd period - Shot Misses the Net.
13:42 of 3rd period - Wrist shot by Brayden Schenn.
13:42 of 3rd period - Stopped by Kevin Poulin with a rebound.
13:44 of 3rd period - Slapshot by Jared Cowen.
13:44 of 3rd period - Goal by Jared Cowen - Bruins : 3 - Kings : 2.
13:45 of 3rd period - Auston Matthews wins face-off versus Jonathan Toews in neutral zone.
13:48 of 3rd period - Snap shot by Nikita Kucherov.
13:48 of 3rd period - Shot Misses the Net.
13:50 of 3rd period - Wrist shot by Nikita Kucherov.
13:50 of 3rd period - Shot Misses the Net.
13:52 of 3rd period - Slapshot by Adam Fox.
13:52 of 3rd period - Shot Blocked by Zack Kassian.
13:54 of 3rd period - Snap shot by Nikita Kucherov.
13:54 of 3rd period - Stopped by Kevin Poulin without a rebound.
13:55 of 3rd period - Jonathan Toews wins face-off versus Auston Matthews in Bruins zone.
14:04 of 3rd period - Slapshot by Nikita Kucherov.
14:04 of 3rd period - Stopped by Kevin Poulin with a rebound.
14:06 of 3rd period - Wrist shot by Sean Bergenheim.
14:06 of 3rd period - Shot Misses the Net.
14:08 of 3rd period - Snap shot by Sean Bergenheim.
14:08 of 3rd period - Shot Misses the Net.
14:10 of 3rd period - Wrist shot by Auston Matthews.
14:10 of 3rd period - Deflect By Sean Bergenheim.
14:10 of 3rd period - Stopped by Kevin Poulin with a rebound.
14:12 of 3rd period - Slapshot by Adam Fox.
14:12 of 3rd period - Deflect By Nikita Kucherov.
14:12 of 3rd period - Shot Misses the Net.
14:12 of 3rd period - Puck is out of play.
14:13 of 3rd period - Brayden Schenn wins face-off versus Kevin Hayes in Bruins zone.
14:17 of 3rd period - Minor Penalty to Wojtek Wolski for Holding.
14:18 of 3rd period - Gabriel Landeskog wins face-off versus Auston Matthews in Bruins zone.
14:51 of 3rd period - Wrist shot by Mitch Marner.
14:51 of 3rd period - Shot Misses the Net.
14:53 of 3rd period - Snap shot by Auston Matthews.
14:53 of 3rd period - Shot Misses the Net.
16:01 of 3rd period - Chris Kreider is hit by Jason Demers and loses puck.
16:17 of 3rd period - Penalty to Wojtek Wolski is over, Wojtek Wolski is back on ice.
16:26 of 3rd period - Pierre-Edouard Bellemare is hit by Mark Stone and loses puck.
16:33 of 3rd period - Wrist shot by Kevin Hayes.
16:33 of 3rd period - Shot Misses the Net.
17:32 of 3rd period - Slapshot by Ryan Getzlaf.
17:32 of 3rd period - Shot Misses the Net.
18:10 of 3rd period - Charlie McAvoy is hit by Torey Krug and loses puck.
18:17 of 3rd period - Casey Cizikas is hit by Zac Rinaldo and loses puck.
19:02 of 3rd period - Zack Kassian is hit by Pavel Buchnevich and loses puck.
19:05 of 3rd period - Kings, Alexandar Georgiev is pulled from the net.
19:49 of 3rd period - Wrist shot by Jonathan Toews.
19:49 of 3rd period - Deflect By Casey Cizikas.
19:49 of 3rd period - Goal by Casey Cizikas - Bruins : 4 - Kings : 2.
19:49 of 3rd period - Alexandar Georgiev from Kings was sent back in the game.
19:50 of 3rd period - Auston Matthews wins face-off versus Gabriel Landeskog in neutral zone.
Goals for this period are 2 for Bruins vs 2 for Kings.
Shots for this period are 6 for Bruins vs 17 for Kings.